| TOP OF THE 1ST |
|
Boise Hawks batting - Pitching for Auburn Doubledays : RHP Preston Larson
|
|
Pitching: RHP Preston Larson
|
|
|
Batting: LHB Jerry Santana
|
0-0: Ball 1-0: Ball 2-0: Fly out, F5 (Popup, 5SF, EV 76.2 MPH)
|
|
Batting: SHB Rich McDonald
|
0-0: Ball 1-0: Ball 2-0: Ball 3-0: Called Strike 3-1: SINGLE (Groundball, 56, EV 98.8 MPH)
|
|
Batting: SHB Ken Griffey IV
|
0-0: Ball 1-0: Ball 2-0: Ball 3-0: Called Strike 3-1: SINGLE (Groundball, 56S, EV 67.5 MPH) (infield hit) Rich McDonald to second
|
|
Batting: RHB Andy Rayer
|
0-0: Ball 1-0: Called Strike 1-1: Ball 2-1: Ball 3-1: Swinging Strike 3-2: Foul Ball, location: 2F 3-2: SINGLE (Line Drive, 4D, EV 95.6 MPH) Rich McDonald to third Ken Griffey IV to second
|
|
Batting: RHB Bryce Hickman
|
0-0: Called Strike 0-1: Called Strike 0-2: Ball 1-2: Foul Ball, location: 2F 1-2: SINGLE (Line Drive, 78S, EV 91.2 MPH) Rich McDonald scores Ken Griffey IV to third Andy Rayer to second Runner from 3rd tries for Home, SAFE, throw by LF to home
|
|
Batting: RHB Justin Garrett
|
0-0: Called Strike 0-1: Swinging Strike 0-2: Ball 1-2: Strikes out swinging
|
|
Batting: RHB Yamashita Yagi
|
0-0: Ball 1-0: Foul Ball, location: 2F 1-1: Called Strike 1-2: Foul Ball, location: 2F 1-2: Strikes out looking
|
| Top of the 1st over - 2 runs, 4 hits, 0 errors, 2 left on base; Boise 2 - Auburn 0 |
| BOTTOM OF THE 1ST |
|
Auburn Doubledays batting - Pitching for Boise Hawks : RHP Josh Blaschke
|
|
Pitching: RHP Josh Blaschke
|
|
|
Batting: SHB Jose Melendez
|
0-0: Called Strike 0-1: Called Strike 0-2: Fly out, F8 (Flyball, 8LS, EV 88.1 MPH)
|
|
Batting: RHB Yok-sing Szema
|
0-0: Ball 1-0: Foul Ball, location: 2F 1-1: Called Strike 1-2: Ball 2-2: Foul Ball, location: 2F 2-2: Fly out, F8 (Flyball, 78M, EV 84.4 MPH)
|
|
Batting: RHB Rudolph Lentz
|
0-0: Ball 1-0: Called Strike 1-1: SINGLE (Groundball, 4M, EV 105.6 MPH) (infield hit)
|
|
Batting: RHB Colin Morris
|
0-0: Called Strike 0-1: Swinging Strike 0-2: Ball 1-2: Strikes out looking
|
| Bottom of the 1st over - 0 runs, 1 hit, 0 errors, 1 left on base; Boise 2 - Auburn 0 |
| TOP OF THE 2ND |
|
Boise Hawks batting - Pitching for Auburn Doubledays : RHP Preston Larson
|
|
Batting: SHB Clayton Saunders
|
0-0: Swinging Strike 0-1: Foul Ball, location: 2F 0-2: Strikes out looking
|
|
Batting: RHB Kevin McKasson
|
0-0: Called Strike 0-1: Ball 1-1: Foul Ball, location: 2F 1-2: Foul Ball, location: 2F 1-2: Ball 2-2: Strikes out swinging
|
|
Batting: LHB Jerry Santana
|
0-0: Ball 1-0: Ball 2-0: Ball 3-0: Called Strike 3-1: Base on Balls
|
|
Batting: SHB Rich McDonald
|
0-0: Ball 1-0: Called Strike 1-1: Foul Ball, location: 2F 1-2: Ball 2-2: Fly out, F9 (Flyball, 9S, EV 89.4 MPH)
|
| Top of the 2nd over - 0 runs, 0 hits, 0 errors, 1 left on base; Boise 2 - Auburn 0 |
| BOTTOM OF THE 2ND |
|
Auburn Doubledays batting - Pitching for Boise Hawks : RHP Josh Blaschke
|
|
Batting: RHB Ken Yeadon
|
0-0: Foul Ball, location: 2F 0-1: Ball 1-1: Called Strike 1-2: Strikes out looking
|
|
Batting: RHB Alex Martinez
|
0-0: Ball 1-0: Called Strike 1-1: Ball 2-1: Foul Ball, location: 2F 2-2: Foul Ball, location: 2F 2-2: Strikes out swinging
|
|
Batting: RHB Jon Ortiz
|
0-0: Ground out 3-1 (Groundball, 34S, EV 90.0 MPH)
|
| Bottom of the 2nd over - 0 runs, 0 hits, 0 errors, 0 left on base; Boise 2 - Auburn 0 |
| TOP OF THE 3RD |
|
Boise Hawks batting - Pitching for Auburn Doubledays : RHP Preston Larson
|
|
Batting: SHB Ken Griffey IV
|
0-0: Ball 1-0: Ball 2-0: Swinging Strike 2-1: Foul Ball, location: 2F 2-2: Foul Ball, location: 2F 2-2: SINGLE (Groundball, 56S, EV 71.2 MPH) (infield hit)
|
|
Batting: RHB Andy Rayer
|
0-0: Ball 1-0: Ball 2-0: Ball Ken Griffey IV steals 2nd, throwing error, E2 Ken Griffey IV to third 3-0: Called Strike Balk! Ken Griffey IV scores 3-1: Base on Balls
|
|
Batting: RHB Bryce Hickman
|
0-0: Called Strike 0-1: Called Strike 0-2: Ball Passed Ball! Andy Rayer to second 1-2: Ball 2-2: Fly out, F8 (Flyball, 8RM, EV 84.4 MPH)
|
|
Batting: RHB Justin Garrett
|
0-0: Ball 1-0: Swinging Strike 1-1: Foul Ball, location: 2F 1-2: Strikes out looking
|
|
Batting: RHB Yamashita Yagi
|
0-0: Swinging Strike 0-1: Foul Ball, location: 2F 0-2: Ball 1-2: Strikes out looking
|
| Top of the 3rd over - 1 run, 1 hit, 1 error, 1 left on base; Boise 3 - Auburn 0 |
| BOTTOM OF THE 3RD |
|
Auburn Doubledays batting - Pitching for Boise Hawks : RHP Josh Blaschke
|
|
Batting: RHB Jessie Fisher
|
0-0: Called Strike 0-1: Ball 1-1: Foul Ball, location: 2F 1-2: Ground out 4-3 (Groundball, 4, EV 90.0 MPH)
|
|
Batting: RHB Jorge Torres
|
0-0: Swinging Strike 0-1: Ball 1-1: Foul Ball, location: 2F 1-2: Ball 2-2: Strikes out swinging
|
|
Batting: SHB Jose Melendez
|
0-0: Called Strike 0-1: Ball 1-1: Swinging Strike 1-2: Ball 2-2: Foul Ball, location: 2F 2-2: Ground out 4-3 (Groundball, 34, EV 99.4 MPH)
|
| Bottom of the 3rd over - 0 runs, 0 hits, 0 errors, 0 left on base; Boise 3 - Auburn 0 |
| TOP OF THE 4TH |
|
Boise Hawks batting - Pitching for Auburn Doubledays : RHP Preston Larson
|
|
Batting: SHB Clayton Saunders
|
0-0: Called Strike 0-1: Ball 1-1: Foul Ball, location: 2F 1-2: Strikes out swinging
|
|
Batting: RHB Kevin McKasson
|
0-0: Called Strike 0-1: Foul Ball, location: 2F 0-2: Foul Ball, location: 2F 0-2: Ball 1-2: Ball 2-2: Ball 3-2: Ground out 5-3 (Groundball, 56S, EV 83.8 MPH)
|
|
Batting: LHB Jerry Santana
|
0-0: Called Strike 0-1: Foul Ball, location: 2F 0-2: Strikes out swinging
|
| Top of the 4th over - 0 runs, 0 hits, 0 errors, 0 left on base; Boise 3 - Auburn 0 |
| BOTTOM OF THE 4TH |
|
Auburn Doubledays batting - Pitching for Boise Hawks : RHP Josh Blaschke
|
|
Batting: RHB Yok-sing Szema
|
0-0: Ball 1-0: Called Strike 1-1: Ball 2-1: Called Strike 2-2: Ball 3-2: Base on Balls
|
|
Batting: RHB Rudolph Lentz
|
0-0: Fly out, F6 (Popup, 6M, EV 55.6 MPH)
|
|
Batting: RHB Colin Morris
|
0-0: Swinging Strike 0-1: Ball 1-1: Ball 2-1: Called Strike 2-2: Strikes out swinging
|
|
Batting: RHB Ken Yeadon
|
0-0: Fly out, F7 (Flyball, 78S, EV 95.6 MPH)
|
| Bottom of the 4th over - 0 runs, 0 hits, 0 errors, 1 left on base; Boise 3 - Auburn 0 |
| TOP OF THE 5TH |
|
Boise Hawks batting - Pitching for Auburn Doubledays : RHP Preston Larson
|
|
Batting: SHB Rich McDonald
|
0-0: Called Strike 0-1: Foul Ball, location: 2F 0-2: Strikes out looking
|
|
Batting: SHB Ken Griffey IV
|
0-0: Ball 1-0: SINGLE (Line Drive, 7LS, EV 105.6 MPH)
|
|
Batting: RHB Andy Rayer
|
0-0: SINGLE (Groundball, 6M, EV 90.6 MPH) (infield hit) Ken Griffey IV to second
|
|
Batting: RHB Bryce Hickman
|
0-0: Called Strike Ken Griffey IV steals 3rd base 0-1: Ball 1-1: Foul Ball, location: 2F 1-2: Ball 2-2: Strikes out swinging
|
|
Batting: RHB Justin Garrett
|
0-0: Ball Andy Rayer steals 2nd base 1-0: Called Strike 1-1: Foul Ball, location: 2F 1-2: Ball 2-2: Strikes out swinging
|
| Top of the 5th over - 0 runs, 2 hits, 0 errors, 2 left on base; Boise 3 - Auburn 0 |
| BOTTOM OF THE 5TH |
|
Auburn Doubledays batting - Pitching for Boise Hawks : RHP Josh Blaschke
|
|
Batting: RHB Alex Martinez
|
0-0: Ball 1-0: Ball 2-0: Ball 3-0: Called Strike 3-1: Foul Ball, location: 2F 3-2: Strikes out swinging
|
|
Batting: RHB Jon Ortiz
|
0-0: Ball 1-0: Called Strike 1-1: Ground out 4-3 (Groundball, 4, EV 108.8 MPH)
|
|
Batting: RHB Jessie Fisher
|
0-0: Swinging Strike 0-1: Ball 1-1: Ball 2-1: Ball 3-1: Swinging Strike 3-2: Base on Balls
|
|
Batting: RHB Jorge Torres
|
0-0: Called Strike 0-1: Ball 1-1: Swinging Strike 1-2: Ball 2-2: Strikes out looking
|
| Bottom of the 5th over - 0 runs, 0 hits, 0 errors, 1 left on base; Boise 3 - Auburn 0 |
| TOP OF THE 6TH |
|
Boise Hawks batting - Pitching for Auburn Doubledays : RHP Preston Larson
|
|
Batting: RHB Yamashita Yagi
|
0-0: Foul Ball, location: 2F 0-1: Fly out, F3 (Line Drive, 34D, EV 67.5 MPH)
|
|
Pitching: RHP Matt Norris
|
|
|
Batting: SHB Clayton Saunders
|
0-0: SINGLE (Groundball, 4MD, EV 102.5 MPH)
|
|
Batting: RHB Kevin McKasson
|
0-0: Ball 1-0: Swinging Strike 1-1: Ball Clayton Saunders steals 2nd base (no throw) 2-1: Called Strike 2-2: Ball Wild Pitch! Clayton Saunders to third 3-2: Strikes out looking
|
|
Batting: LHB Jerry Santana
|
0-0: Foul Ball, location: 2F 0-1: Foul Ball, location: 2F 0-2: Strikes out swinging
|
| Top of the 6th over - 0 runs, 1 hit, 0 errors, 1 left on base; Boise 3 - Auburn 0 |
| BOTTOM OF THE 6TH |
|
Auburn Doubledays batting - Pitching for Boise Hawks : RHP Josh Blaschke
|
|
Batting: SHB Jose Melendez
|
0-0: Swinging Strike 0-1: Foul Ball, location: 2F 0-2: Ball 1-2: Strikes out swinging
|
|
Batting: RHB Yok-sing Szema
|
0-0: Ball 1-0: SINGLE (Groundball, 56S, EV 74.4 MPH) (infield hit)
|
|
Pitching: RHP Gorgonio Sigua
|
|
|
Batting: RHB Rudolph Lentz
|
0-0: Called Strike 0-1: Ball 1-1: Foul Ball, location: 2F 1-2: Strikes out swinging
|
|
Batting: RHB Colin Morris
|
0-0: Called Strike 0-1: Foul Ball, location: 2F 0-2: Ball 1-2: Ball 2-2: Ball 3-2: Fly out, F9 (Flyball, 9, EV 85.6 MPH)
|
| Bottom of the 6th over - 0 runs, 1 hit, 0 errors, 1 left on base; Boise 3 - Auburn 0 |
| TOP OF THE 7TH |
|
Boise Hawks batting - Pitching for Auburn Doubledays : RHP Matt Norris
|
|
Batting: SHB Rich McDonald
|
0-0: Ball 1-0: Ball 2-0: Called Strike 2-1: Foul Ball, location: 2F 2-2: Ground out 5-3 (Groundball, 5L, EV 76.9 MPH)
|
|
Batting: SHB Ken Griffey IV
|
0-0: Ball 1-0: Called Strike 1-1: Ball 2-1: Ball 3-1: Base on Balls
|
|
Batting: RHB Andy Rayer
|
Pickoff Play to 1st, Runner tries for 2nd, OUT after rundown. 0-0: Ball 1-0: Foul Ball, location: 2F 1-1: Called Strike 1-2: Foul Ball, location: 2F 1-2: Foul Ball, location: 2F 1-2: Ball 2-2: TRIPLE (Flyball, 78XD, EV 97.5 MPH)
|
|
Batting: RHB Bryce Hickman
|
0-0: Ball 1-0: Ball 2-0: Called Strike 2-1: Foul Ball, location: 2F 2-2: Strikes out swinging
|
| Top of the 7th over - 0 runs, 1 hit, 0 errors, 1 left on base; Boise 3 - Auburn 0 |
| BOTTOM OF THE 7TH |
|
Auburn Doubledays batting - Pitching for Boise Hawks : RHP Gorgonio Sigua
|
|
Batting: RHB Ken Yeadon
|
0-0: Foul Ball, location: 2F 0-1: Swinging Strike 0-2: Ball 1-2: Foul Ball, location: 2F 1-2: Foul Ball, location: 2F 1-2: Ball 2-2: Strikes out swinging
|
|
Batting: RHB Alex Martinez
|
0-0: Foul Ball, location: 2F 0-1: Foul Ball, location: 2F 0-2: Foul Ball, location: 2F 0-2: Ball 1-2: Reached on error, E4 (Groundball, 4, EV 83.8 MPH)
|
|
Pitching: LHP Ernesto Galindo
|
|
|
Batting: RHB Jon Ortiz
|
0-0: Ball 1-0: Ball 2-0: Ball 3-0: Base on Balls
|
|
Batting: RHB Jessie Fisher
|
0-0: Called Strike 0-1: Called Strike 0-2: Ball 1-2: SINGLE (Line Drive, 8RS, EV 109.4 MPH) Alex Martinez to third Jon Ortiz to second Runner from 3rd tries for Home, throw by CF and OUT! 8-2
|
|
Batting: RHB Jorge Torres
|
0-0: Ball 1-0: Called Strike 1-1: Foul Ball, location: 2F 1-2: Foul Ball, location: 2F 1-2: Ball 2-2: Hit by Pitch Jon Ortiz to third Jessie Fisher to second
|
|
Batting: SHB Jose Melendez
|
0-0: Foul Ball, location: 2F 0-1: Ball 1-1: Ball 2-1: SINGLE (Groundball, 34D, EV 105.0 MPH) (infield hit) Jon Ortiz scores Jessie Fisher to third Jorge Torres to second
|
|
Batting: RHB Yok-sing Szema
|
0-0: Swinging Strike 0-1: Ball 1-1: Swinging Strike 1-2: Foul Ball, location: 2F 1-2: Foul Ball, location: 2F 1-2: Strikes out swinging
|
| Bottom of the 7th over - 1 run, 2 hits, 1 error, 3 left on base; Boise 3 - Auburn 1 |
| TOP OF THE 8TH |
|
Boise Hawks batting - Pitching for Auburn Doubledays : RHP Matt Norris
|
|
Batting: RHB Justin Garrett
|
0-0: Called Strike 0-1: Ball 1-1: Ball 2-1: Ball 3-1: Called Strike 3-2: Foul Ball, location: 2F 3-2: Strikes out swinging
|
|
Batting: RHB Yamashita Yagi
|
0-0: Foul Ball, location: 2F 0-1: Foul Ball, location: 2F 0-2: Ball 1-2: Foul Ball, location: 2F 1-2: Hit by Pitch
|
|
Pitching: LHP Gregg Huddleston
|
|
|
Batting: SHB Clayton Saunders
|
0-0: Called Strike 0-1: Ball 1-1: Swinging Strike 1-2: Strikes out swinging
|
|
Batting: RHB Kevin McKasson
|
0-0: Called Strike Balk! Yamashita Yagi to second 0-1: SINGLE (Groundball, 56S, EV 100.0 MPH) Yamashita Yagi to third Runner from 3rd tries for Home, SAFE, throw by LF to home
|
|
Batting: LHB Jerry Santana
|
0-0: Ball 1-0: Ball Wild Pitch! Kevin McKasson to second 2-0: Ball 3-0: Base on Balls
|
|
Batting: SHB Rich McDonald
|
0-0: Ball 1-0: Called Strike 1-1: Ball 2-1: Foul Ball, location: 2F 2-2: Ball 3-2: Fly out, F7 (Flyball, 78M, EV 90.0 MPH)
|
| Top of the 8th over - 1 run, 1 hit, 0 errors, 2 left on base; Boise 4 - Auburn 1 |
| BOTTOM OF THE 8TH |
|
Auburn Doubledays batting - Pitching for Boise Hawks : LHP Ernesto Galindo
|
|
Batting: RHB Rudolph Lentz
|
0-0: Foul Ball, location: 2F 0-1: Foul Ball, location: 2F 0-2: Foul Ball, location: 2F 0-2: Foul Ball, location: 2F 0-2: SINGLE (Line Drive, 78S, EV 90.6 MPH)
|
|
Batting: RHB Colin Morris
|
0-0: Called Strike 0-1: Ball 1-1: Fielders Choice at 2nd, 3-6 (Groundball, 3S, EV 87.5 MPH)
|
|
Batting: RHB Ken Yeadon
|
0-0: Ball 1-0: Ball 2-0: Swinging Strike 2-1: Called Strike 2-2: Foul Ball, location: 2F 2-2: Strikes out swinging
|
|
Pitching: RHP Befikadu Mthuthuzeli
|
|
|
Batting: RHB Alex Martinez
|
0-0: Ball 1-0: Ball 2-0: Swinging Strike 2-1: Foul Ball, location: 2F 2-2: Ball 3-2: Strikes out looking
|
| Bottom of the 8th over - 0 runs, 1 hit, 0 errors, 1 left on base; Boise 4 - Auburn 1 |
| TOP OF THE 9TH |
|
Boise Hawks batting - Pitching for Auburn Doubledays : LHP Gregg Huddleston
|
|
Batting: SHB Ken Griffey IV
|
0-0: Ball 1-0: Ball 2-0: Called Strike 2-1: Swinging Strike 2-2: Strikes out looking
|
|
Batting: RHB Andy Rayer
|
0-0: Ball 1-0: Called Strike 1-1: Ball 2-1: Ball 3-1: Called Strike 3-2: Foul Ball, location: 2F 3-2: Strikes out looking
|
|
Batting: RHB Bryce Hickman
|
0-0: Ball 1-0: Swinging Strike 1-1: Ball 2-1: Foul Ball, location: 2F 2-2: Fly out, F7 (Flyball, 7S, EV 95.6 MPH)
|
| Top of the 9th over - 0 runs, 0 hits, 0 errors, 0 left on base; Boise 4 - Auburn 1 |
| BOTTOM OF THE 9TH |
|
Auburn Doubledays batting - Pitching for Boise Hawks : RHP Befikadu Mthuthuzeli
|
|
Pitching: RHP Zi-cheng Zhou
|
|
|
Batting: RHB Jon Ortiz
|
0-0: Ball 1-0: Ball 2-0: Swinging Strike 2-1: DOUBLE (Flyball, 78D, EV 101.2 MPH)
|
|
Batting: RHB Jessie Fisher
|
0-0: Ball 1-0: Swinging Strike 1-1: SINGLE (Groundball, 56S, EV 63.8 MPH) (infield hit) Jon Ortiz to third
|
|
Pinch Hitting: RHB Kenny Ball
|
0-0: Ball Wild Pitch! Jon Ortiz scores Jessie Fisher to second 1-0: Ball 2-0: Ball 3-0: Base on Balls
|
|
Batting: SHB Jose Melendez
|
0-0: Bunted foul 0-1: Bunt missed! 0-2: Foul Ball, location: 2F 0-2: Strikes out looking
|
|
Batting: RHB Yok-sing Szema
|
0-0: Called Strike 0-1: Swinging Strike 0-2: Ball 1-2: Ball 2-2: Fielders Choice at 2nd, 5-4 (Groundball, 5, EV 85.6 MPH) Jessie Fisher to third
|
|
Batting: RHB Rudolph Lentz
|
0-0: Called Strike 0-1: Foul Ball, location: 2F 0-2: Strikes out swinging
|
| Bottom of the 9th over - 1 run, 2 hits, 0 errors, 2 left on base; Boise 4 - Auburn 2 |
|